 Dungeon Crawl Stone Soup version 0.18-a0-1526-gcb34c7c (webtiles) character file.

144 Ijustatesigmund the Insei (level 5, -5/36 HPs)
             Began as an Octopode Transmuter on Mar 8, 2016.
             Slain by Sigmund
             ... wielding a +2 scythe of pain
              (12 damage)
             ... on level 2 of the Dungeon.
             The game lasted 00:10:41 (2292 turns).

Ijustatesigmund the Insei (Octopode Transmuter)     Turns: 2292, Time: 00:10:41

Health: -5/36      AC:  1    Str: 10    XL:     5   Next: 26%
Magic:  5/8        EV: 13    Int: 16    God:
Gold:   105        SH:  0    Dex: 17    Spells: 3 memorised, 2 levels left

rFire  . . .     SeeInvis .       - Unarmed
rCold  . . .     Gourm    .     (no shield)
rNeg   . . .     Faith    .     (helmet restricted)
rPois  .         Spirit   .     (no amulet)
rElec  .         Dismiss  .     f - +5 ring of dexterity
rCorr  .         Reflect  .     (no ring)
SustAt .         Harm     .     (no ring)
MR     .....                    (no ring)
Stlth  +++.......               (no ring)
                                (no ring)
                                (no ring)
                                (no ring)

@: appendage (expiring), not resistant to hostile enchantments, fairly stealthy
A: almost no armour, amphibious, 8 rings, constrict 8, tentacle spike 3,
camouflage 1, gelatinous body 1
a: End Transformation


You were on level 2 of the Dungeon.
You were not hungry.
One of your tentacles had a temporary spike.
You visited 1 branch of the dungeon, and saw 2 of its levels.

You collected 105 gold pieces.

Inventory:

Missiles
 a - 3 arrows
Jewellery
 f - a +5 ring of dexterity (left tentacle)
 i - an uncursed ring of protection from fire {unknown}
Scrolls
 d - a scroll of teleportation {unknown}
 e - a scroll of immolation
 g - a scroll of amnesia {unknown}
 j - a scroll of identify
Potions
 h - a potion of cancellation
Books
 b - a book of Changes

   Spells                             Type                      Level
   a - Beastly Appendage              Transmutation                1
   b - Sticks to Snakes               Transmutation                2
   c - Spider Form                    Transmutation/Poison         3
   d - Ice Form                       Ice/Transmutation            4
   e - Blade Hands                    Transmutation                5
Comestibles
 c - 3 bread rations
 k - 2 chunks of flesh


   Skills:
 + Level 3.3 Fighting
 + Level 2.0 Dodging
 - Level 1.3 Stealth
 - Level 4.0 Unarmed Combat
 + Level 2.0 Spellcasting
 + Level 2.0 Transmutations
 - Level 2.1 Poison Magic


You had 2 spell levels left.
You knew the following spells:

 Your Spells              Type           Power        Failure   Level  Hunger
a - Beastly Appendage     Trmt           #.....       10%         1    #......
b - Sticks to Snakes      Trmt           #.......     14%         2    ###....
c - Spider Form           Trmt/Pois      #.........   28%         3    ###....


Dungeon Overview and Level Annotations

Branches:
Dungeon (2/15)

Altars:
Ru

Annotations:
D:2 Sigmund


Innate Abilities, Weirdness & Mutations

You cannot wear most types of armour.
You are amphibious.
You can wear up to eight rings at the same time.
You can use your tentacles to constrict eight enemies at once.
Your skin changes colour to match your surroundings (Stealth).
Your rubbery body absorbs attacks (AC +1).
One of your tentacles bears a large vicious spike.


Message History

A kobold comes into view. It is wielding a short sword.
Casting: Sticks to Snakes
Confirm with . or Enter, or press ? or * to list all spells.
You create a snake!
You now have 3 arrows.
The kobold throws a stone.
The stone hits you but does no damage.
Your tentacle spike disappears.
Something closely misses your ball python.
Something hits you!
You writhe in agony.
Casting: Sticks to Snakes
Confirm with . or Enter, or press ? or * to list all spells.
One of your tentacles grows a vicious spike.
Something hits you!
You writhe in agony.
Drink which item? (? for menu, Esc to quit)
Okay, then.
You swap places.
Something hits you.
* * * LOW HITPOINT WARNING * * *
Found a scroll labeled PONITHROLOS.
Your transformation is almost over.
Something hits you!
You die...

####### ####### #.....####
#.....# #####
#........####.....#......
+........'..'....().>....
#........####...###..$...
###..............S# .....
.................## ....
................{#######K..
......##........@....... ..
#...†.##................ ...
.......+...............? ...
#...#..#....#####....... ..#
....#..#......############.#
....+..#......##...........#
....#.........##...........#
..............##...........#
..............##...........#####


You could see a friendly ball python.

Vanquished Creatures
  Jessica (D:2)
  Robin (D:2)
  3 gnolls
  2 adders (D:2)
  A dart slug (D:2)
  A giant gecko (D:1)
  2 ball pythons
  5 bats
  4 giant cockroaches
  16 goblins
  7 hobgoblins
  5 giant newts
  5 kobolds (D:1)
  2 rats
55 creatures vanquished.

Vanquished Creatures (collateral kills)
  A gnoll (D:2)
  A bat (D:2)
  A goblin (D:2)
3 creatures vanquished.

Grand Total: 58 creatures vanquished

Notes
Turn   | Place    | Note
--------------------------------------------------------------
     0 | D:1      | Ijustatesigmund the Octopode Transmuter began the quest for the Orb.
     0 | D:1      | Reached XP level 1. HP: 13/13 MP: 3/3
   129 | D:1      | Reached XP level 2. HP: 16/19 MP: 3/5
   133 | D:1      | Learned a level 2 spell: Sticks to Snakes
  1053 | D:2      | Reached XP level 3. HP: 25/25 MP: 4/6
  1076 | D:1      | Learned a level 3 spell: Spider Form
  1232 | D:2      | Noticed Jessica
  1242 | D:2      | Killed Jessica
  1242 | D:2      | Reached skill level 1 in Poison Magic
  1242 | D:2      | Reached XP level 4. HP: 28/30 MP: 3/7
  1423 | D:2      | Noticed Robin
  1629 | D:2      | Reached skill level 1 in Stealth
  1631 | D:2      | Killed Robin
  1950 | D:2      | Found a sacrificial altar of Ru.
  2029 | D:2      | Reached skill level 4 in Unarmed Combat
  2029 | D:2      | Reached XP level 5. HP: 30/36 MP: 8/8
  2270 | D:2      | Noticed Sigmund
  2292 | D:2      | Slain by Sigmund

Vault maps used:
D:1:      dpeg_arrival_tiny_i
D:2:      old_standard_altar, first_bread, corner_web_ring, uniq_sigmund,
          uniq_jessica, uniq_robin

Skill      XL: |  1  2  3  4  5 |
---------------+----------------+-----
Fighting       | 2 3 |  3.3
Poison Magic   | 1 2 |  2.1
Stealth        | 1 |  1.3
Unarmed Combat | 4 |  4.0
Dodging        | |  2.0
Spellcasting   | |  2.0
Transmutations | |  2.0

Action                   |  1- 3 |  4- 6 || total
-------------------------+-------+-------++-------
Melee: Unarmed           |    50 |    56 ||   106
 Cast: Beastly Appendage |     5 |     8 ||    13
       Sticks to Snakes  |     1 |     8 ||     9
  Use: Scroll            |     7 |     2 ||     9
 Stab: Sleeping          |     6 |     2 ||     8
       Distracted        |     1 |       ||     1
  Eat: Chunk             |     1 |     4 ||     5
